 Dungeon Crawl Stone Soup version 0.26.1-11-gd32895ea62 (webtiles) character file.

Game seed: 14177131125213683260

2555 buriedalive the Frost Mage (level 9, -7/46 HPs)
             Began as a Deep Elf Ice Elementalist on May 28, 2021.
             Splashed by a big kobold's acid (12 damage)
             ... on level 6 of the Dungeon.
             The game lasted 00:17:35 (8465 turns).

buriedalive the Frost Mage (DEIE)                   Turns: 8465, Time: 00:17:36

Health: -7/46      AC: 17    Str:  9    XL:     9   Next: 31%
Magic:  15/20      EV: 20    Int: 28    God:
Gold:   49         SH:  0    Dex: 20    Spells: 9/20 levels left

rFire    . . .     SeeInvis .   b - +8 whip of Integrity {venom, +Inv Str+4 Int+4}
rCold    . . .     Faith    .   (no shield)
rNeg     . . .     Spirit   .   a - +0 robe
rPois    .         Reflect  .   w - +2 helmet
rElec    .         Harm     .   (no cloak)
rCorr    .         Rampage  .   z - +2 pair of gloves
Will     .....                  v - +2 pair of boots of Geraxkyg {Dex+5}
Stlth    ++........             q - amulet of magic regeneration
HPRegen  0.15/turn              (no ring)
MPRegen  0.42/turn              (no ring)

@: icy armour, corroded, frozen ramparts
A: claws 1, rugged brown scales 1, blurry vision 1
a: Evoke Invisibility


You were on level 6 of the Dungeon.
You visited 2 branches of the dungeon, and saw 7 of its levels.

You collected 291 gold pieces.
You spent 242 gold pieces at shops.

Inventory:

Hand Weapons
 b - the +8 whip of Integrity (weapon) {venom, +Inv Str+4 Int+4}
   (You took it off a big kobold on level 6 of the Dungeon)

   It poisons the flesh of those it strikes.
   It affects your strength (+4).
   It affects your intelligence (+4).
   It lets you turn invisible.
 d - a +1 dagger
 e - the +2 mace "Ufegag" {holy, rElec}
   (You bought it in a shop on level 4 of the Dungeon)

   It has been blessed by the Shining One to cause great damage to the undead
   and demons.
   It insulates you from electricity.
 s - a +2 mace of protection
Missiles
 f - 267 stones
 u - 2 throwing nets
Armour
 a - a +0 robe (worn)
 v - the +2 pair of boots of Geraxkyg (worn) {Dex+5}
   (You found it on level 4 of the Dungeon)

   It affects your dexterity (+5).
 w - a +2 helmet (worn)
 z - a +2 pair of gloves (worn)
Jewellery
 q - an amulet of magic regeneration (around neck)
Scrolls
 j - 3 scrolls of teleportation
 k - 9 scrolls of remove curse
 l - a scroll of magic mapping
Potions
 g - 2 potions of attraction
 h - a potion of berserk rage
 i - a potion of haste
 r - 5 potions of curing {unknown}
 x - a potion of ambrosia {unknown}
 A - a potion of brilliance {unknown}


   Skills:
 + Level 10.1 Dodging
 - Level 2.4 Stealth
 - Level 6.0 Spellcasting
 + Level 2.5 Summonings
 + Level 10.1 Ice Magic


You had 9 spell levels left.
You knew the following spells:

 Your Spells              Type           Power        Failure   Level
a - Freeze                Ice            100%         1%          1
b - Frozen Ramparts       Ice            100%         1%          3
c - Ozocubu's Armour      Ice            60%          1%          3
d - Summon Ice Beast      Ice/Summ       43%          4%          4

Your spell library contained the following spells:

 Spells                   Type           Power        Failure   Level
 Hailstorm                Conj/Ice       36%          8%          4


Dungeon Overview and Level Annotations

Branches:
Dungeon (6/15)             Temple (1/1) D:5

Altars:
Cheibriados
Dithmenos
Elyvilon
Fedhas
Gozag
Hepliaklqana
Kikubaaqudgha
Makhleb
Nemelex Xobeh
Okawaru
Qazlal
Ru
Sif Muna
Trog
Uskayaw
Vehumet
Wu Jian
Xom
Yredelemnul
Zin
The Shining One

Shops:
D:4 (   D:5 ?


Innate Abilities, Weirdness & Mutations

You have sharp fingernails.
You are partially covered in rugged brown scales. (AC +1, +3% HP)
Scrolls take you a little longer to read.


Message History

Unknown command.
Casting: Ozocubu's Armour (safe; 1% risk of failure)
Confirm with . or Enter, or press ? or * to list all spells.
Casting: Frozen Ramparts (safe; 1% risk of failure)
Press: ? - help, Dir - look around, f - activate The walls around you are covered in ice.
The wall freezes the big kobold.
The big kobold closely misses you.
Unknown command.
You barely miss the big kobold.
The big kobold is lightly wounded.
The wall freezes the big kobold! x2; The big kobold throws a poisoned dart.
The poisoned dart misses you.
You closely miss the big kobold.
The big kobold is heavily wounded.
The wall freezes the big kobold.
The big kobold zaps a wand.
The bolt of acid hits you!!
Ouch! That really hurt!
* * * LOW HITPOINT WARNING * * *
The acid corrodes you!
You are splashed with acid!
You die...

..##. #....# # #
..###.#.##(#
#.....#....#
###.....####
#...#.#.# ##
..###.#.####.# #
####..........##
#######...###.####..#
........## #.#K@...#
...## ####.#.#####
#)..######.....K.#
)##..##<.........#
))..<...##.......#
.#####...#.......#
...#####.........#
...##....#.......#
...##.?K.#.......#


You could see 2 big kobolds.

Vanquished Creatures
  The ghost of jlumianski the Caller, an amateur FeSu (D:6)
  A water moccasin (D:5)
  A black bear (D:6)
  2 ice beasts (D:5)
  2 ogres
  2 phantoms
  9 big kobolds (D:6)
  2 bullfrogs (D:6)
  A scorpion (D:4)
  9 wights (D:6)
  2 howler monkeys
  2 jellies
  3 orc priests
  3 worker ants
  4 gnolls (D:4)
  6 adders
  A white imp (D:6)
  An ufetubus (D:5)
  An ooze (D:1)
  5 worms
  3 dart slugs
  6 leopard geckos
  17 orcs
  4 giant cockroaches
  11 goblins
  9 hobgoblins
  5 jackals
  8 kobolds
  4 quokkas
  3 ball pythons
  10 bats
  5 frilled lizards
  A leopard gecko skeleton (D:6)
  A quokka skeleton (D:4)
  6 rats
151 creatures vanquished.

Notes
Turn   | Place    | Note
-------+----------+-------------------------------------------
     0 | D:1      | buriedalive the Deep Elf Ice Elementalist began the quest
                  | for the Orb.
     0 | D:1      | Reached XP level 1. HP: 10/10 MP: 6/6
   294 | D:1      | Reached XP level 2. HP: 15/15 MP: 8/8
   372 | D:1      | Reached skill level 5 in Ice Magic
   578 | D:1      | Reached XP level 3. HP: 18/19 MP: 7/9
  1338 | D:2      | Reached XP level 4. HP: 24/24 MP: 4/10
  2329 | D:3      | Learned a level 3 spell: Frozen Ramparts
  2333 | D:3      | Learned a level 3 spell: Ozocubu's Armour
  3365 | D:3      | Reached XP level 5. HP: 25/28 MP: 8/11
  3887 | D:4      | Reached skill level 5 in Dodging
  4321 | D:4      | Found Gomagi Peto's Antique Weapon Shoppe.
  4324 | D:4      | Got a pair of encrusted boots
  4337 | D:4      | Identified the +2 pair of boots of Geraxkyg {Dex+5} (You
                  | found it on level 4 of the Dungeon)
  4343 | D:4      | Noticed a phantom
  4361 | D:4      | Reached XP level 6. HP: 32/32 MP: 6/13
  4575 | D:4      | Learned a level 4 spell: Summon Ice Beast
  4887 | D:4      | Bought an iridescent mace for 152 gold pieces
  4887 | D:4      | Identified the +2 mace "Ufegag" {holy, rElec} (You bought
                  | it in a shop on level 4 of the Dungeon)
  5158 | D:5      | Entered Level 5 of the Dungeon
  5186 | D:5      | Reached skill level 5 in Spellcasting
  5186 | D:5      | Reached XP level 7. HP: 21/36 MP: 11/16
  5408 | D:5      | Found a staircase to the Ecumenical Temple.
  5426 | Temple   | Entered the Ecumenical Temple
  6533 | D:5      | Found the +6 lightning scales {run, rElec}
  6655 | D:5      | Found Zusuinko's Magic Scroll Boutique.
  6663 | D:5      | Bought a scroll of remove curse for 45 gold pieces
  6663 | D:5      | Bought a scroll of remove curse for 45 gold pieces
  7003 | D:5      | Reached XP level 8. HP: 5/41 MP: 19/19
  7558 | D:6      | Gained mutation: You possess an exceptional clarity of
                  | mind. [potion of mutation]
  7558 | D:6      | Gained mutation: You have sharp fingernails. [potion of
                  | mutation]
  7558 | D:6      | Gained mutation: You have a pair of small antennae on your
                  | head. [potion of mutation]
  7683 | D:6      | Lost mutation: You have a pair of small antennae on your
                  | head. [potion of mutation]
  7683 | D:6      | Lost mutation: You possess an exceptional clarity of mind.
                  | [potion of mutation]
  7683 | D:6      | Gained mutation: Scrolls take you a little longer to read.
                  | [potion of mutation]
  7683 | D:6      | Gained mutation: You are partially covered in rugged brown
                  | scales. (AC +1, +3% HP) [potion of mutation]
  8366 | D:6      | Found a runed translucent gate.
  8366 | D:6      | Found a runed translucent gate.
  8366 | D:6      | Found a runed translucent gate.
  8367 | D:6      | Identified the +8 whip of Integrity {venom, +Inv Str+4
                  | Int+4}
  8374 | D:6      | Noticed jlumianski's ghost (amateur FeSu)
  8413 | D:6      | Reached XP level 9. HP: 46/46 MP: 16/20
  8416 | D:6      | Reached skill level 1 in Summonings
  8425 | D:6      | Reached skill level 10 in Dodging
  8425 | D:6      | Reached skill level 10 in Ice Magic
  8433 | D:6      | Killed jlumianski's ghost
  8465 | D:6      | Splashed by a big kobold's acid

Illustrated notes

Levels and vault maps discovered:
D:1:      scummos_arrival_forest, layout_rooms, minivault_26, st_stairs_4,
          minmay_small_reverse_x
D:2:      layout_loops_cross
D:3:      layout_basic
D:4:      layout_basic, serial_shops, shop_fountains,
          chequers_serial_rivers_marsh, dk_noncrumbling_2
D:5:      layout_loops_ring, temple_fountains, serial_shops, shop_fountains
D:6:      layout_rooms, gammafunk_ghost_nasty_kobolds
Temple:   grunt_wide_crystal_templ

Skill      XL: |  1  2  3  4  5  6  7  8  9 |
---------------+----------------------------+-----
Dodging        | 3 4 5 6 7 9 10 | 10.1
Ice Magic      | 5 6 8 9 10 | 10.1
Spellcasting   | 5 6 |  6.0
Summonings     | 2 |  2.5
Stealth        | |  2.4

Action                   |  1- 3 |  4- 6 |  7- 9 || total
-------------------------+-------+-------+-------++-------
Melee: Unarmed           |     3 |       |       ||     3
       Dagger            |    41 |    36 |       ||    77
       Mace              |       |    67 |   200 ||   267
       Whip              |       |       |     7 ||     7
 Cast: Freeze            |    42 |    84 |     8 ||   134
       Frozen Ramparts   |       |     8 |    16 ||    24
       Ozocubu's Armour  |       |     5 |    19 ||    24
  Use: Scroll            |       |     4 |     9 ||    13
       Potion            |       |       |     4 ||     4
 Stab: Distracted        |     3 |       |       ||     3
       Sleeping          |     7 |     6 |     1 ||    14
Armor: Robe              |     8 |    37 |    90 ||   135
Dodge: Dodged            |    57 |   132 |   230 ||   419
